 Dungeon Crawl Stone Soup version 0.29-a0-393-g47a863cc1b (webtiles) character file.

Game seed: 1176074910427923284

121 HendSelp the Cudgeller (level 5, 0/49 HPs)
             Began as a Naga Warper on May 9, 2022.
             Slain by a black bear (4 damage)
             ... on level 3 of the Dungeon.
             The game lasted 00:03:08 (2486 turns).

HendSelp the Cudgeller (Naga Warper)                Turns: 2486, Time: 00:03:09

Health: 0/49       AC:  3    Str: 13    XL:     5   Next: 5%
Magic:  8/8        EV:  9    Int: 15    God:
Gold:   734        SH:  0    Dex: 11    Spells: 8/8 levels left

rFire   . . .      SeeInvis +   f - +0 morningstar
rCold   . . .      Faith    .   c - orb {mayhem}
rNeg    . . .      Spirit   .   b - +0 leather armour
rPois   +          Reflect  .   (no helmet)
rElec   .          Harm     .   (no cloak)
rCorr   .          Rampage  .   (no gloves)
Will    .....                   (no barding)
Stlth   +.........              (no amulet)
HPRegen 0.16/turn               (no ring)
MPRegen 0.11/turn               (no ring)

@: very slow
A: AC +1, large, see invisible, deformed body, poison resistance, slowness 2,
spit poison 1, naga tail 1
a: Spit Poison


You were on level 3 of the Dungeon.
You visited 1 branch of the dungeon, and saw 3 of its levels.

You collected 734 gold pieces.

Inventory:

Hand Weapons
 f - a +0 morningstar (weapon)
Missiles
 d - 2 boomerangs of dispersal
Armour
 b - a +0 leather armour (worn)
 c - an orb of mayhem (worn)
Jewellery
 a - an amulet of magic regeneration
Scrolls
 g - 2 scrolls of teleportation
Potions
 e - a potion of flight {unknown}
 h - a potion of degeneration {unknown}
 i - 2 potions of curing {unknown}
 j - a potion of ambrosia {unknown}


   Skills:
 + Level 3.3 Fighting
 + Level 4.2 Maces & Flails
 - Level 0.8 Throwing
 - Level 0.7 Armour
 - Level 1.5 Dodging
 - Level 2.0 Spellcasting
 - Level 3.0 Translocations


You had 8 spell levels left.
You didn't know any spells.
Your spell library contained the following spells:

 Spells                   Type           Power      Damage    Failure   Level
 Blink                    Tloc           20%        N/A       12%         2
 Gell's Gravitas          Tloc           10%        N/A       24%         3
 Lesser Beckoning         Tloc           10%        N/A       24%         3
 Teleport Other           Tloc           10%        N/A       24%         3
 Manifold Assault         Tloc           10%        N/A       92%         5
 Dispersal                Tloc           5%         N/A       100%        6


Dungeon Overview and Level Annotations

Branches:
Dungeon (3/15)

Altars:
Ashenzari

Shops:
D:2 ([?


Innate Abilities, Weirdness & Mutations

Your serpentine skin is tough. (AC +1)
You have supernaturally acute eyesight. (SInv)
Armour fits poorly on your strangely shaped body.
Your system is resistant to poisons. (rPois)
You cover ground very slowly.
You can spit poison.
You have a snake-like lower body.


Message History

The black bear is moderately wounded.
The black bear barely misses you.
The black bear claws you but does no damage.
The black bear closely misses you.
You barely miss the black bear.
The black bear is moderately wounded.
You hear the rusting of a very distant drain.
The black bear closely misses you.
The black bear claws you but does no damage.
The black bear claws you. The black bear closely misses you.
The black bear claws you but does no damage.
The black bear claws you.
You closely miss the black bear.
The black bear is moderately wounded.
The black bear bites you. The black bear claws you.
The black bear closely misses you.
Unknown command.
You sock the black bear!
The black bear is severely wounded.
The black bear bites you. The black bear claws you.
The black bear claws you but does no damage.
Unknown command.
You hit the black bear but do no damage.
The black bear is severely wounded.
The black bear goes berserk!
The black bear bites you. The black bear barely misses you.
The black bear misses you.
Unknown command.
You barely miss the black bear.
The black bear is severely wounded.
The black bear bites you! The black bear claws you.
The black bear closely misses you. The black bear bites you!
* * * LOW HITPOINT WARNING * * *
The black bear barely misses you.
The black bear claws you but does no damage.
You closely miss the black bear.
The black bear is severely wounded.
The black bear bites you.
* * * LOW HITPOINT WARNING * * *
The black bear claws you.
You die...

...##.#..#
...##.#..#
...##.#..#
...##.#..#########
...+.............#
...###...#######.#
...<##...#### #.#
..≈).)≈.....#
##.##+#
...≈.#...##.#
#.@h..#
≈..≈♣.≈≈..# #
####..#
≈)...≈≈≈..# ...#
≈≈≈.≈.≈≈.... ...#
.♣.≈≈♣.≈..... ..>#
♣..≈..≈≈###...
.... ..≈♣..≈.. ...
...#


You could see a black bear (berserk).

Vanquished Creatures
  2 orc priests
  An adder (D:2)
  A dart slug (D:1)
  An orc (D:3)
  5 ball pythons
  3 endoplasms
  A giant cockroach (D:1)
  2 goblins
  3 hobgoblins
  7 jackals
  4 kobolds
  4 quokkas
  4 bats
  2 frilled lizards
  5 rats
45 creatures vanquished.

Vanquished Creatures (collateral kills)
  An orc (D:3)
  A goblin (D:3)
2 creatures vanquished.

Vanquished Creatures (others)
  2 plants (D:1)
2 creatures vanquished.

Grand Total: 49 creatures vanquished

Notes
Turn   | Place    | Note
-------+----------+-------------------------------------------
     0 | D:1      | HendSelp the Naga Warper began the quest for the Orb.
     0 | D:1      | Reached XP level 1. HP: 19/19 MP: 3/3
   288 | D:1      | Reached XP level 2. HP: 3/26 MP: 5/5
   904 | D:1      | Reached XP level 3. HP: 33/33 MP: 6/6
   972 | D:1      | Found a faded altar of an unknown god.
   976 | D:1      | Reached skill level 3 in Maces & Flails
  1404 | D:2      | Found Qeqoqywn's Armour Boutique.
  1544 | D:2      | Found Jaliryud's Antique Weapon Boutique.
  1849 | D:2      | Found a broken altar of Ashenzari.
  1869 | D:2      | Found Cucoseigh's Magic Scroll Emporium.
  1885 | D:2      | Reached XP level 4. HP: 33/40 MP: 7/7
  2198 | D:2      | Reached skill level 4 in Maces & Flails
  2198 | D:2      | Reached XP level 5. HP: 9/49 MP: 8/8
  2455 | D:3      | Identified a scroll of acquirement
  2455 | D:3      | Acquired 647 gold pieces
  2478 | D:3      | Noticed a black bear
  2486 | D:3      | Slain by a black bear

Illustrated notes

Levels and vault maps discovered:
D:1:      lightli_arrival_maybe_door_vault, layout_loops_ring,
          dilly_ecumenical_altar_fadedgnrine, minmay_indecisive_spiral
D:2:      layout_basic, basic_altar, serial_shops, nicolae_shop_behind_doors,
          shop, shop
D:3:      layout_basic, kennysheep_slug_shrine, nicolae_ru_the_path_less_chosen,
          gup_sewer_entry_spiral, st_stairs_4, corner_web_ring,
          kennysheep_cross_room, chequers_serial_rivers_marsh

Skill      XL: |  1  2  3  4 |
---------------+-------------+-----
Maces & Flails | 3 4 |  4.2
Fighting       | 3 |  3.3
Throwing       | |  0.8
Armour         | |  0.7
Dodging        | |  1.5
Spellcasting   | |  2.0
Translocations | |  3.0

Action                   |  1- 3 |  4- 6 || total
-------------------------+-------+-------++-------
Melee: Mace              |    64 |    12 ||    76
       Morningstar       |       |     7 ||     7
Throw: Boomerang         |     5 |       ||     5
 Abil: Spit Poison       |    29 |     2 ||    31
  Use: Scroll            |     4 |     2 ||     6
Armor: Leather armour    |    33 |     6 ||    39
Dodge: Dodged            |    43 |    14 ||    57

Table legend: (Time is in decaauts)
 A = Elapsed time spent in this place.
 B = Non-inter-level travel time spent in this place.
 C = Inter-level travel time spent in this place.
 D = Time resting spent in this place.
 E = Time spent auto-exploring this place.
 F = Levels seen in this place.
 G = Mean time per level.
                   A        B        C        D        E       F      G
               +--------+--------+--------+--------+--------+-----+--------+
         Total |   3019 |   2928 |     91 |    343 |   2239 |   3 | 1006.3 |
       Dungeon |   3019 |   2928 |     91 |    343 |   2239 |   3 | 1006.3 |
               +--------+--------+--------+--------+--------+-----+--------+

Top non-repeatable levels by time:
     D:1: 1506 daAuts
     D:2: 1445 daAuts
     D:3: 67 daAuts
